 Dungeon Crawl Stone Soup version 0.23-a0-577-g2b1de94 (webtiles) character file.

24331 XanderDroid the Severer (level 12, -15/112 HPs)
             Began as a Minotaur Berserker on Dec 14, 2018.
             Was a High Priest of Trog.
             Demolished by a reaper
             ... wielding a +2 scythe of freezing
              (29 damage)
             ... in an ice cave.
             The game lasted 00:47:52 (14700 turns).

XanderDroid the Severer (Minotaur Berserker)       Turns: 14700, Time: 00:47:52

Health: -15/112    AC: 20    Str: 25    XL:     12   Next: 79%
Magic:  3/3        EV: 12    Int:  4    God:    Trog [*****.]
Gold:   774        SH:  0    Dex: 12    Spells: 11/11 levels left

rFire    + . .     SeeInvis .   a - +8 executioner's axe (antimagic)
rCold    + . .     Gourm    .   (shield currently unavailable)
rNeg     . . .     Faith    .   E - +0 plate armour
rPois    .         Spirit   .   (helmet restricted)
rElec    .         Reflect  .   H - +2 cloak
rCorr    .         Harm     .   o - +0 pair of gloves
MR       .....                  (no boots)
Stlth    ..........             F - amulet of regeneration
HPRegen  0.68/turn              O - ring of protection from fire
MPRegen  0.08/turn              g - ring of protection from cold

@: about to teleport
A: retaliatory headbutt, horns 2
a: Berserk, Trog's Hand, Brothers in Arms, Renounce Religion


You were in an ice cave.
You worshipped Trog.
Trog was extremely pleased with you.
You were very hungry.

You visited 3 branches of the dungeon, and saw 15 of its levels.
You also visited: Ossuary and Ice Cave.

You collected 774 gold pieces.

Inventory:

Hand Weapons
 a - a +8 antimagic executioner's axe (weapon)
 b - a +3 hand axe of flaming
 c - a +2 executioner's axe of freezing
Missiles
 K - a throwing net (quivered)
Armour
 o - a +0 pair of gloves (worn)
 E - a +0 plate armour (worn)
 H - a +2 cloak (worn)
Jewellery
 g - a ring of protection from cold (right hand)
 h - an uncursed ring of positive energy
 C - an uncursed ring of flight
 F - an amulet of regeneration (around neck)
 O - a ring of protection from fire (left hand)
Wands
 r - a wand of disintegration (15)
 w - a wand of paralysis (3)
 x - a wand of iceblast (20)
 N - a wand of digging (5)
Scrolls
 d - 3 scrolls of teleportation
 i - 5 scrolls of enchant armour
 m - 7 scrolls of remove curse
 p - 4 scrolls of immolation
 q - a scroll of magic mapping
 s - 2 scrolls of identify
 t - a scroll of random uselessness {unknown}
 y - 2 scrolls of fog
 z - 3 scrolls of enchant weapon
 D - a scroll of vulnerability {unknown}
 G - a scroll of blinking
 J - a scroll of acquirement {unknown}
Potions
 e - 2 potions of heal wounds
 f - a potion of ambrosia {unknown}
 j - 5 potions of might
 k - 2 potions of lignification {unknown}
 l - 2 potions of curing
 n - 3 potions of mutation
 u - 2 potions of cancellation
 v - 4 potions of haste
 B - 2 potions of flight {unknown}
 I - 3 potions of resistance {unknown}
Comestibles
 A - 29 rations


   Skills:
 + Level 12.0 Fighting
 * Level 15.9 Axes
 + Level 11.8 Armour
 + Level 10.9 Dodging


You had 11 spell levels left.
You didn't know any spells.
Your spell library was empty.

Dungeon Overview and Level Annotations

Branches:
Dungeon (11/15)            Temple (1/1) D:4            Lair (3/6) D:8
    Orc (0/2) D:11
  Swamp: Lair:2-4    Shoals: Lair:2-4     Snake: Lair:2-4    Spider: Lair:2-4

Altars:
Ashenzari
Cheibriados
Dithmenos
Elyvilon
Fedhas
Gozag
Hepliaklqana
Kikubaaqudgha
Makhleb
Nemelex Xobeh
Okawaru
Qazlal
Ru
Sif Muna
Trog
Uskayaw
Vehumet
Wu Jian
Xom
Yredelemnul
Zin
The Shining One

Shops:
D:11 :


Innate Abilities, Weirdness & Mutations

You reflexively headbutt those who attack you in melee.
You have a pair of horns on your head.


Message History

* * * LOW HITPOINT WARNING * * *
The reaper freezes you.
* * * LOW HITPOINT WARNING * * *
The ice devil barely misses you.
You feel much better.
An ufetubus comes into view.
The ice devil hits you. The ice devil freezes you! You resist.
The ice devil completely misses you.
The ufetubus moves out of view.
The reaper hits you from afar with a +2 scythe of freezing!!
* * * LOW HITPOINT WARNING * * *
The reaper freezes you.
* * * LOW HITPOINT WARNING * * *
An ice devil comes into view.
The ice devil hits you but does no damage.
You feel much better. The ice devil barely misses you. The ice devil hits you.
* * * LOW HITPOINT WARNING * * *
The ice devil freezes you! You resist.
* * * LOW HITPOINT WARNING * * *
The reaper hits you from afar with a +2 scythe of freezing!!
You die...

§§§#§.###§..§##....#..##
.§§§§§§#§≈§###....##..#
.§§§§.§#..§# ##....#..#
.####§§.#..§# ##.#.##..#
....§§§§§.§.# #..###...#
....§§.§§#..# #...##..##
#..#.#2.##.## #.......#
# ##4#..# #..#...##
#@4..# ##..#..## ##4.##
#...#### ..# #..## .##
##...# .# #...## ##
##..## #....## ##.....##
#### #.......#


You could see a reaper and 3 ice devils.

Vanquished Creatures
  2 hydras
  Erica (Lair:1)
  2 two-headed ogres
  The ghost of Xak the Grappler, a novice TrVM of Cheibriados (D:10)
  Pikel (D:9)
  An ugly thing (D:11)
  5 elephants (Lair:1)
  3 black mambas
  2 ice statues (IceCv)
  A centaur zombie (D:11)
  5 spiny frogs
  2 rime drakes
  3 komodo dragons
  8 ice devils
  A merfolk (D:9)
  14 blink frogs
  2 hippogriffs
  11 yaks
  A hungry ghost (D:8)
  A steam dragon (D:11)
  4 porcupines
  4 water moccasins
  3 slaves (D:9)
  A sky beast (D:9)
  A swamp drake (D:11)
  3 orc warriors
  A phantom (D:7)
  A black bear (Lair:1)
  A necrophage (D:10)
  6 ogres
  3 wolves (Lair:3)
  3 centaurs
  8 crocodiles
  A big kobold (D:5)
  11 bullfrogs
  A gnoll sergeant (D:10)
  A wyvern skeleton (D:10)
  6 scorpions
  7 killer bees
  3 howler monkeys
  A crimson imp (D:5)
  A bullfrog zombie (D:9)
  A bullfrog skeleton (D:8)
  4 hounds
  9 orc priests
  2 jellies
  2 quasits
  2 iguanas
  8 orc wizards
  6 worker ants
  A hound skeleton (D:5)
  12 mummies (Ossuary)
  11 gnolls
  A howler monkey skeleton (D:5)
  11 adders
  6 shadow imps
  2 white imps (IceCv)
  8 ufetubi (IceCv)
  3 oozes
  An adder skeleton (D:9)
  3 worms
  5 leopard geckos
  49 orcs
  5 bats
  4 giant cockroaches
  11 goblins
  8 hobgoblins
  7 jackals
  6 quokkas
  3 ball pythons
  5 frilled lizards
  A gnoll skeleton (Ossuary)
  2 goblin skeletons (Ossuary)
  13 kobolds
  2 kobold skeletons (Ossuary)
  3 orc skeletons (Ossuary)
  6 rats
  11 rat skeletons (Ossuary)
372 creatures vanquished.

Vanquished Creatures (others)
  4 white imps (IceCv)
  4 ufetubi (IceCv)
  2 fungi (Lair:2)
  2 plants (Lair:3)
12 creatures vanquished.

Grand Total: 384 creatures vanquished

Notes
Turn   | Place    | Note
-------+----------+-------------------------------------------
     0 | D:1      | XanderDroid the Minotaur Berserker began the quest for the
                  | Orb.
     0 | D:1      | Reached XP level 1. HP: 19/19 MP: 0/0
   218 | D:1      | Reached XP level 2. HP: 27/27 MP: 1/1
   220 | D:1      | Reached skill level 4 in Axes
   485 | D:1      | Reached XP level 3. HP: 29/33 MP: 2/2
   641 | D:1      | Reached ** piety under Trog
  1321 | D:2      | Found a deep blue altar of Sif Muna.
  1322 | D:2      | Found a sacrificial altar of Ru.
  1605 | D:3      | Noticed a scorpion
  1616 | D:3      | Killed a scorpion
  1616 | D:3      | Reached skill level 5 in Axes
  1616 | D:3      | Reached XP level 4. HP: 40/40 MP: 3/3
  2284 | D:3      | Reached XP level 5. HP: 43/47 MP: 4/4
  2883 | D:3      | Reached *** piety under Trog
  2908 | D:3      | Found a faded altar of an unknown god.
  3061 | D:4      | Reached XP level 6. HP: 45/55 MP: 5/5
  3151 | D:4      | Noticed a two-headed ogre
  3159 | D:4      | Killed a two-headed ogre
  3159 | D:4      | Reached skill level 7 in Axes
  3159 | D:4      | Reached skill level 5 in Armour
  3159 | D:4      | Reached XP level 7. HP: 53/63 MP: 6/6
  3227 | D:4      | Reached XP level 8. HP: 34/70 MP: 7/7
  3399 | D:4      | Reached skill level 8 in Axes
  3595 | D:4      | Reached skill level 5 in Dodging
  3718 | D:4      | Found a staircase to the Ecumenical Temple.
  3736 | D:4      | Found a shimmering altar of Xom.
  3749 | Temple   | Entered the Ecumenical Temple
  4259 | D:5      | Entered Level 5 of the Dungeon
  4269 | D:5      | Found a transporter.
  4304 | D:5      | Found a glowing golden altar of the Shining One.
  4390 | D:5      | Found a sand-covered staircase.
  4454 | Ossuary  | Entered an ossuary
  4540 | Ossuary  | Reached skill level 9 in Axes
  4580 | Ossuary  | Reached **** piety under Trog
  5036 | D:5      | Found a stormy altar of Qazlal.
  5130 | D:5      | Reached XP level 9. HP: 79/79 MP: 8/8
  5224 | D:5      | Found an opulent altar of Gozag.
  5238 | D:5      | Found a transporter.
  5430 | D:5      | Reached skill level 10 in Axes
  5922 | D:6      | You fall through a shaft for 2 floors!
  6114 | D:7      | Reached ***** piety under Trog
  6358 | D:6      | Found a shimmering altar of Xom.
  6367 | D:6      | Found a blossoming altar of Fedhas.
  6400 | D:6      | Found a glowing silver altar of Zin.
  7724 | D:8      | Noticed a two-headed ogre
  7736 | D:8      | Killed a two-headed ogre
  7736 | D:8      | Reached skill level 11 in Axes
  7736 | D:8      | Reached XP level 10. HP: 90/90 MP: 9/9
  7947 | D:8      | Found a staircase to the Lair.
  8097 | D:9      | Found a stormy altar of Qazlal.
  8099 | D:9      | Found a bloodstained altar of Trog.
  8099 | D:9      | Found a shadowy altar of Dithmenos.
  8099 | D:9      | Found a hide-covered altar of Uskayaw.
  8099 | D:9      | Found a white marble altar of Elyvilon.
  8213 | D:9      | Noticed Pikel
  8224 | D:9      | Killed Pikel
  8286 | D:9      | Found a sparkling altar of Nemelex Xobeh.
  8703 | D:10     | Entered Level 10 of the Dungeon
  8798 | D:10     | Reached skill level 12 in Axes
  8907 | D:10     | Found a runed door.
  8954 | D:10     | Noticed Xak's ghost (novice TrVM)
  9295 | D:11     | Noticed a green ugly thing
  9307 | D:11     | Killed a green ugly thing
  9568 | D:11     | Found Woceink's Book Emporium.
  9703 | D:10     | Received a gift from Trog
 10152 | D:11     | Found a staircase to the Orcish Mines.
 10310 | D:10     | Killed Xak's ghost
 10310 | D:10     | Reached skill level 13 in Axes
 10310 | D:10     | Reached XP level 11. HP: 99/99 MP: 10/10
 10379 | Lair:1   | Entered Level 1 of the Lair of Beasts
 10485 | Lair:1   | Reached skill level 10 in Fighting
 10494 | Lair:1   | Noticed a six-headed hydra
 10522 | Lair:1   | Killed a one-headed hydra
 10904 | Lair:1   | Reached skill level 10 in Armour
 11164 | Lair:1   | Noticed Erica
 11165 | Lair:1   | Reached skill level 14 in Axes
 11666 | Lair:1   | Killed Erica
 12385 | Lair:2   | Reached XP level 12. HP: 105/110 MP: 11/11
 12397 | Lair:1   | Reached skill level 10 in Dodging
 13136 | Lair:2   | Reached skill level 15 in Axes
 13274 | Lair:2   | Received a gift from Trog
 14131 | Lair:3   | Noticed an eight-headed hydra
 14281 | Lair:3   | Killed a three-headed hydra
 14302 | Lair:3   | Found a frozen archway.
 14461 | IceCv    | Entered an ice cave
 14689 | IceCv    | Noticed a reaper
 14699 | IceCv    | HP: 1/112 [reaper/+2 scythe of freezing (6)]
 14700 | IceCv    | Demolished by a reaper

Vault maps used:
D:1:      dpeg_arrival_orchard, chequers_avenue, minmay_misc_feat_x,
          minmay_misc_feat_alley, minmay_misc_feat_more_columns,
          nrook_loot_triangle
D:2:      gammafunk_temple_overflow_statue, kennysheep_donut
D:3:      chequers_ecumenical_altar_simple, kennysheep_doodads,
          hangedman_feature_mirror
D:4:      nicolae_overflow_hidden_temple, minmay_temple_entry_antechambers,
          first_ration, hangedman_minor_gate_pass
D:5:      gammafunk_wand_slinger, tso_metal_star, overflow_temple_1_default,
          nicolae_ossuary_entry_ruins, nicolae_qazlal_eye_of_the_storm
D:6:      chequers_temple_overflow_statue_of_worship, basic_altar
D:8:      lair_entry_dummy
D:9:      grunt_temple_overflow_open, hangedman_fish_farm,
          nemelex_lonely_heart_becter, uniq_pikel
D:10:     ebering_ghost_reflecting_pool
D:11:     erik_orc_1, serial_shops, shop_statue
Temple:   eino_temple_lava
Lair:1:   lemuel_fruit_fields, grunt_megastairs_3, uniq_erica
Lair:2:   nicolae_lair_grove_arrangements, beast_lair_carwin_2
Lair:3:   portal_ice_cave_demonic_guard, chequers_serial_rivers_room_b,
          minmay_lair_oklob_chamber
Ossuary:  ossuary_due_small_catacomb
IceCv:    ice_cave_small_demon

Skill      XL: |  1  2  3  4  5  6  7  8  9 10 11 12 |
---------------+-------------------------------------+-----
Axes           | 4 5 7 9 11 13 14 15 | 15.9
Fighting       | 4 6 7 8 9 11 12 | 12.0
Armour         | 3 4 5 6 8 9 10 11 | 11.8
Dodging        | 3 4 6 7 8 9 10 | 10.9

Action                   |  1- 3 |  4- 6 |  7- 9 | 10-12 || total
-------------------------+-------+-------+-------+-------++-------
Melee: Hand axe          |    65 |       |       |    13 ||    78
       Headbutt          |     8 |    11 |    46 |   110 ||   175
       War axe           |     9 |    85 |   249 |   220 ||   563
       Trident           |       |       |    21 |       ||    21
       Battleaxe         |       |       |       |   225 ||   225
       Executioner's axe |       |       |       |    85 ||    85
Invok: Berserk           |     2 |     2 |     5 |     5 ||    14
  Use: Scroll            |       |     2 |    11 |     7 ||    20
       Potion            |       |       |       |     4 ||     4
 Stab: Sleeping          |     1 |       |       |       ||     1
  Eat: Chunk             |     2 |     5 |    17 |    27 ||    51
       Ration            |       |     1 |     1 |       ||     2
Armor: Animal skin       |     6 |     6 |       |       ||    12
       Ring mail         |       |    12 |    38 |       ||    50
       Plate armour      |       |       |    25 |   355 ||   380
       Scale mail        |       |       |     3 |       ||     3
Dodge: Dodged            |    60 |    97 |   156 |   362 ||   675

Table legend:
 A = Non-vault XP
 B = Vault XP
 C = Vault XP percentage of total XP
 D = Non-vault monster count
 E = Vault monster count
 F = Vault count percentage of total count
                 A         B        C        D         E       F
            +---------+---------+-------+---------+---------+-------
      Total |   25024 |    9735 |  28.0 |     277 |      92 |  24.9
            +---------+---------+-------+---------+---------+-------
        D:1 |      50 |       0 |   0.0 |      24 |       0 |   0.0
        D:2 |      30 |       0 |   0.0 |      15 |       0 |   0.0
        D:3 |     281 |       0 |   0.0 |      39 |       0 |   0.0
        D:4 |    1515 |      37 |   2.4 |      17 |       4 |  19.0
        D:5 |    1179 |     105 |   8.2 |      36 |       4 |  10.0
        D:6 |     173 |       0 |   0.0 |       6 |       0 |   0.0
        D:7 |     237 |       0 |   0.0 |       3 |       0 |   0.0
        D:8 |    1913 |       0 |   0.0 |      18 |       0 |   0.0
        D:9 |     314 |     915 |  74.5 |      12 |       2 |  14.3
       D:10 |    1319 |    1008 |  43.3 |      26 |       4 |  13.3
       D:11 |    1647 |     450 |  21.5 |      21 |      14 |  40.0
     Lair:1 |    8370 |    2625 |  23.9 |      27 |       9 |  25.0
     Lair:2 |    4032 |     694 |  14.7 |      19 |       4 |  17.4
     Lair:3 |    3964 |     718 |  15.3 |      14 |       2 |  12.5
    Ossuary |       0 |     240 | 100.0 |       0 |      31 | 100.0
      IceCv |       0 |    2943 | 100.0 |       0 |      18 | 100.0
            +---------+---------+-------+---------+---------+-------
